 Dungeon Crawl Stone Soup version 0.29.1-15-g9cfb28693d (console) character file.

Game seed: 800268142256592544

169 Goreval the Changer (level 5, -3/37 HPs)
             Began as a Merfolk Transmuter on Feb 28, 2023.
             Was a Believer of Wu Jian.
             Slain by an ogre
             ... wielding a +0 giant club
              (16 damage)
             ... in the Ecumenical Temple.
             The game lasted 00:20:08 (4927 turns).

Goreval the Changer (Merfolk Transmuter)            Turns: 4927, Time: 00:20:08

Health: -3/37      AC:  4    Str: 10    XL:     5   Next: 50%
Magic:  4/8        EV: 12    Int: 15    God:    Wu Jian [**....]
Gold:   223        SH:  0    Dex: 14    Spells: 0/9 levels left

rFire   + . .      SeeInvis .     - Unarmed
rCold   . . .      Faith    .   (no shield)
rNeg    . . .      Spirit   .   c - +0 leather armour
rPois   .          Reflect  .   (no helmet)
rElec   .          Harm     .   (no cloak)
rCorr   +          Rampage  .   n - +0 pair of gloves
Will    .....                   (no boots)
Stlth   +.........              (no amulet)
HPRegen 0.12/turn               r - ring of protection from fire
MPRegen 0.11/turn               t - ring of resist corrosion

@: no status effects
A: (nimble swimmer 2), mertail
a: Renounce Religion, Wall Jump


You were in the Ecumenical Temple.
You worshipped Wu Jian.
Wu Jian was pleased with you.
You visited 2 branches of the dungeon, and saw 6 of its levels.
You also visited: Ossuary.

You collected 223 gold pieces.

Inventory:

Missiles
 i - 28 stones (quivered)
 l - a throwing net
Armour
 c - a +0 leather armour (worn)
 n - a +0 pair of gloves (worn)
 u - a +0 buckler
Magical Staves
 a - a staff of cold
Jewellery
 r - a ring of protection from fire (left hand)
 t - a ring of resist corrosion (right hand)
 A - a ring of protection from fire
Wands
 m - a wand of acid (7)
Scrolls
 d - 2 scrolls of magic mapping {unknown}
 g - a scroll of torment {unknown}
 h - a scroll of identify {unknown}
 k - 2 scrolls of blinking {unknown}
 o - a scroll of poison {unknown}
 q - a scroll of enchant armour {unknown}
 v - a scroll of amnesia {unknown}
 y - 3 scrolls of teleportation {unknown}
 z - a scroll of noise {unknown}
Potions
 b - 4 potions of lignification
 e - 3 potions of mutation {unknown}
 f - 2 potions of might {unknown}
 j - a potion of heal wounds {unknown}
 p - 4 potions of curing {unknown}
 s - a potion of degeneration {unknown}
 w - 2 potions of brilliance {unknown}
 x - a potion of cancellation {unknown}


   Skills:
 - Level 1.1 Fighting
 + Level 3.8 Dodging
 * Level 4.2 Unarmed Combat
 + Level 2.5 Spellcasting
 - Level 1.0 Translocations
 * Level 4.6 Transmutations
 * Level 1.0 Ice Magic


You couldn't memorise any spells.
You knew the following spells:

 Your Spells              Type           Power      Damage    Failure   Level
a - Beastly Appendage     Tmut           30%        N/A       4%          1
b - Wereblood             Tmut           15%        N/A       6%          2
c - Ice Form              Ice/Tmut       10%        N/A       65%         4
n - Blink                 Tloc           8%         N/A       28%         2

Your spell library contained the following spells:

 Spells                   Type           Power      Damage    Failure   Level
 Freeze                   Ice            20%        1d4       19%         1
 Spider Form              Tmut/Pois      8%         N/A       32%         3
 Static Discharge         Conj/Air       1%         3-4/arc   41%         2
 Frozen Ramparts          Ice            10%        1d2       50%         3
 Lesser Beckoning         Tloc           4%         N/A       50%         3
 Hailstorm                Conj/Ice       3%         3d3       93%         4
 Dispel Undead            Necr           1%         3d6       96%         4
 Sticky Flame             Conj/Fire      1%         2d3       96%         4
 Manifold Assault         Tloc           4%         N/A       99%         5


Dungeon Overview and Level Annotations

Branches:
Dungeon (5/15) Zot: 26052  Temple (1/1) D:5 Zot: 5984 Ossuary (visited)

Altars:
Ashenzari
Makhleb
Wu Jian

Shops:
D:3 (

Annotations:
D:2 Jessica, Sigmund


Innate Abilities, Weirdness & Mutations

((You are very nimble when in or above water. (Stealth+, EV+, Speed+++)))
Your lower body shifts to a powerful aquatic tail in water.


Message History

You closely miss the phantom.
The ogre shouts!
You hit the phantom. The phantom misses you.
Your transformation is almost over.
You closely miss the phantom. You headbutt the phantom.
The phantom barely misses you.
Okay, then.
There is nothing to wall jump against here.
You hit the phantom. The phantom hits you.
The phantom blinks!
You blink.
There is nothing to wall jump against here.
Unknown command.
You closely miss the phantom. The phantom barely misses you.
You hit the phantom but do no damage. The phantom hits you.
The phantom blinks!
You blink.
You hit the phantom. The phantom hits you.
The phantom blinks!
You blink.
Your horns disappear.
The phantom attacks as you move away! The phantom hits you.
* * * LOW HITPOINT WARNING * * *
You blink.
The floor.
There is a staircase to the Ecumenical Temple here.
The ogre barely misses you.
You climb downwards.
Welcome to the Ecumenical Temple!
There is a staircase back to the Dungeon here.
You are still too unstable to blink.
Unknown command.
You feel stable enough to blink again.
Found a broken altar of Ashenzari and a burning altar of Makhleb.
The ogre misses you.
You miscast Blink.
You are very lightly contaminated with residual magic.
Nothing appears to happen.
You blink.
You feel stable enough to blink again.
Okay, then.
Your magical contamination has completely faded away.
You repeatedly attack the ogre from above.
You barely miss the ogre. You hit the ogre.
The ogre hits you with a +0 giant club!
You die...

### ##.## #°O°#
##@## #. # #°#
.# _ . . #.# #.
.. #. #.##.##.#
.# #.#.#...#.#.#
#.........#
#####......#####
.......<........
#####......#####
#.........#
#.#.#...#.#.# #.
#.##.##.# .# .
.# #.# #. .. #.
#.# .# _ #.# #.


You could see an ogre.

Vanquished Creatures
  A mummy (Ossuary)
  3 adders
  An ufetubus (D:5)
  A worm zombie (D:5)
  A worm (D:2)
  2 orcs (D:3)
  5 spectral bats (Ossuary)
  4 bats
  10 endoplasms
  3 giant cockroaches
  12 gnoll zombies (Ossuary)
  5 goblins
  5 hobgoblins
  4 jackals
  2 quokkas (D:2)
  4 ball pythons
  4 bat simulacra (Ossuary)
  4 frilled lizards
  A goblin simulacrum (Ossuary)
  2 goblin zombies (Ossuary)
  9 hobgoblin zombies
  5 kobolds
  A kobold simulacrum (Ossuary)
  5 kobold zombies (Ossuary)
  3 orc zombies (Ossuary)
  6 rats
  3 rat simulacra (Ossuary)
  6 spectral goblins (Ossuary)
  4 spectral rats (Ossuary)
116 creatures vanquished.

Notes
Turn   | Place    | Note
-------+----------+-------------------------------------------
     0 | D:1      | Goreval the Merfolk Transmuter began the quest for the Orb.
     0 | D:1      | Reached XP level 1. HP: 15/15 MP: 3/3
   408 | D:1      | Reached XP level 2. HP: 21/21 MP: 3/5
   411 | D:1      | Learned a level 2 spell: Wereblood
  1295 | D:2      | Noticed Sigmund
  1477 | D:2      | Learned a level 2 spell: Blink
  1572 | D:2      | Noticed Jessica
  1772 | D:2      | Reached XP level 3. HP: 24/26 MP: 3/6
  2073 | D:3      | Found Naciusaf's Antique Weapon Emporium.
  2084 | D:3      | Found an ornate altar of the Wu Jian Council.
  2172 | D:3      | Became a worshipper of the Wu Jian Council
  2334 | D:3      | Reached XP level 4. HP: 18/32 MP: 5/7
  3737 | D:5      | Entered Level 5 of the Dungeon
  3737 | D:5      | Noticed an ice beast
  3909 | D:5      | Found a sand-covered staircase.
  3926 | Ossuary  | Entered an ossuary
  4106 | Ossuary  | Reached XP level 5. HP: 37/37 MP: 6/8
  4177 | Ossuary  | Reached * piety under Wu Jian
  4315 | Ossuary  | Reached skill level 1 in Translocations
  4320 | Ossuary  | Learned a level 4 spell: Ice Form
  4619 | Ossuary  | Reached ** piety under Wu Jian
  4753 | Ossuary  | Reached skill level 1 in Ice Magic
  4873 | D:5      | Found a staircase to the Ecumenical Temple.
  4879 | D:5      | Noticed a phantom
  4890 | D:5      | Noticed an ogre
  4914 | Temple   | Entered the Ecumenical Temple
  4927 | Temple   | Slain by an ogre

Illustrated notes

Levels and vault maps discovered:
D:1:      dpeg_arrival_castle, layout_loops_corners, minmay_curled_crystal
D:2:      layout_loops_ring, grunt_decor_arrowhead, minmay_nonomino_d4,
          uniq_sigmund, uniq_jessica
D:3:      layout_basic, overflow_temple_1_default, serial_glass,
          glass_columns_a, glass_columns_a, serial_shops,
          nicolae_shop_advertising_works [nicolae_subvault_shop_adworks]
D:4:      layout_rooms
D:5:      layout_loops_cross, grunt_temple_overflow_octagram,
          minmay_temple_entry_grid, enter_ossuary_3, uniq_blork_the_orc
Temple:   hellmonk_temple_flake

Skill      XL: |  1  2  3  4  5 |
---------------+----------------+-----
Transmutations | 3 4 |  4.6
Dodging        | 3 |  3.8
Unarmed Combat | 4 |  4.2
Translocations | 1 |  1.0
Ice Magic      | 1 |  1.0
Fighting       | |  1.1
Spellcasting   | |  2.5

Action                   |  1- 3 |  4- 6 || total
-------------------------+-------+-------++-------
Melee: Unarmed           |   117 |   259 ||   376
       Headbutt          |    14 |    28 ||    42
       Punch             |     4 |    12 ||    16
Throw: Stone             |    17 |    12 ||    29
 Cast: Beastly Appendage |    25 |    27 ||    52
       Wereblood         |     2 |     3 ||     5
       Blink             |       |     2 ||     2
Invok: Lunge             |     2 |     9 ||    11
 Abil: Wall Jump         |       |     2 ||     2
Armor: Leather armour    |    32 |    71 ||   103
Dodge: Dodged            |    51 |   134 ||   185
